 Dungeon Crawl Stone Soup version 0.21.1-1-g345015fe64 (webtiles) character file.

1295 Ingvold the Thaumaturge (level 8, 0/43 HPs)
             Began as a Deep Elf Conjurer on May 28, 2018.
             Was a Follower of Vehumet.
             Slain by a gnoll
             ... wielding a +1 flail of distortion
              (7 damage)
             ... on level 5 of the Dungeon on May 29, 2018.
             The game lasted 00:39:28 (6055 turns).

Ingvold the Thaumaturge (Deep Elf Conjurer)         Turns: 6055, Time: 00:39:29

Health: 0/43       AC:  2    Str:  5    XL:     8   Next: 30%
Magic:  12/22      EV: 14    Int: 23    God:    Vehumet [*.....]
Gold:   212        SH:  0    Dex: 15    Spells: 18/24 levels left

rFire    . . .     SeeInvis .   (no weapon)
rCold    . . .     Gourm    .   (no shield)
rNeg     + . .     Faith    .   a - +0 robe
rPois    .         Spirit   .   (no helmet)
rElec    .         Reflect  .   (no cloak)
rCorr    .         Harm     .   (no gloves)
MR       .....                  (no boots)
Stlth    +++.......             (no amulet)
HPRegen  0.14/turn              y - ring of positive energy
MPRegen  0.18/turn              h - ring of wizardry

@: no status effects
A: no striking features
a: Renounce Religion


You were on level 5 of the Dungeon.
You worshipped Vehumet.
Vehumet was aware of your devotion.
You were not hungry.

You visited 2 branches of the dungeon, and saw 6 of its levels.

You collected 212 gold pieces.

Inventory:

Armour
 a - a +0 robe (worn)
 x - a +0 cloak
Jewellery
 h - a ring of wizardry (right hand)
 l - a +1 ring of evasion
 v - an uncursed ring of flight
 y - a ring of positive energy (left hand)
Scrolls
 d - 3 scrolls of teleportation
 g - 2 scrolls of identify
 i - a scroll of enchant armour {unknown}
 n - 3 scrolls of blinking
 o - 3 scrolls of remove curse
 t - a scroll of noise {unknown}
 u - 2 scrolls of amnesia {unknown}
 w - a scroll of fear {unknown}
Potions
 e - 3 potions of heal wounds
 f - a potion of mutation {unknown}
 j - 2 potions of curing {unknown}
 k - a potion of lignification {unknown}
 m - a potion of magic {unknown}
 p - a potion of brilliance {unknown}
 q - a potion of agility
 r - a potion of degeneration {unknown}
 s - 3 potions of flight {unknown}
Books
 b - a book of Conjurations

   Spells                             Type                      Level
   a - Magic Dart                     Conjuration                  1
   b - Searing Ray                    Conjuration                  2
   c - Dazzling Spray                 Conjuration/Hexes            3
   d - Fulminant Prism                Conjuration/Hexes            4
   e - Force Lance                    Conjuration/Translocation    4
   f - Iskenderun's Mystic Blast      Conjuration                  4
Comestibles
 c - 5 rations
 z - 2 chunks of flesh


   Skills:
 + Level 1.1 Fighting
 + Level 3.8 Dodging
 + Level 4.1 Stealth
 + Level 8.8 Spellcasting
 + Level 8.0 Conjurations
 + Level 3.3 Hexes


You had 18 spell levels left.
You knew the following spells:

 Your Spells              Type           Power        Failure   Level  Hunger
a - Magic Dart            Conj           ####         1%          1    None
b - Searing Ray           Conj           #####.       1%          2    None
c - Dazzling Spray        Conj/Hex       #####.       1%          3    None


Dungeon Overview and Level Annotations

Branches:
Dungeon (5/15)             Temple (1/1) D:4

Altars:
Ashenzari
Cheibriados
Fedhas
Gozag
Hepliaklqana
Nemelex Xobeh
Okawaru
Qazlal
Ru
Sif Muna
Trog
Uskayaw
Vehumet
Wu Jian
Xom
Yredelemnul


Message History

You can now gain magical power from killing.
Vehumet offers you knowledge of Freeze. (Press . to maintain the ray.)
The searing ray misses the gnoll.
The gnoll closely misses you.
The searing ray hits the gnoll.
The gnoll is severely wounded.
You finish channeling your searing ray.
The gnoll hits you with a flail of distortion!
Space bends around you.
Casting: Searing Ray
Confirm with . or Enter, or press ? or * to list all spells.
Aiming: Magic Dart
Press: ? - help, Shift-Dir - straight line, f - gnoll
Aim: a gnoll, wielding a flail of distortion (severely wounded)
The magic dart hits the gnoll.
The gnoll is severely wounded.
The gnoll hits you with a flail of distortion!
* * * LOW HITPOINT WARNING * * *
Space bends around you.
You die...

# ## #. ##. ####.##..
........# ..#
..#.....### .. ##.
#.)..[.g..####.##...
......##@.........#
..... #.###......# ...5
#.###....# ...
#.##...###
....####.....)).##
..........##..#<.#
...#.####.....##......#
#.##.....####..
#.##.#..##


You could see a gnoll.

Vanquished Creatures
  Grinder (D:5)
  The ghost of supermoro the Sneak, an amateur KoEn (D:3)
  2 phantoms
  2 ogres (D:4)
  3 scorpions (D:4)
  A howler monkey (D:4)
  A crimson imp (D:5)
  2 orc priests
  Crazy Yiuf (D:4)
  2 orc wizards
  2 worker ants (D:4)
  7 gnolls
  5 adders
  A shadow imp (D:5)
  An adder skeleton (D:4)
  6 worms
  4 dart slugs
  2 leopard geckos (D:4)
  5 orcs
  3 ball pythons
  5 giant cockroaches
  5 goblins
  9 hobgoblins
  16 jackals
  5 bats
  5 frilled lizards
  6 kobolds
  5 rats
  A fungus (D:4)
109 creatures vanquished.

Notes
Turn   | Place    | Note
-------+----------+-------------------------------------------
     0 | D:1      | Ingvold the Deep Elf Conjurer began the quest for the Orb.
     0 | D:1      | Reached XP level 1. HP: 10/10 MP: 6/6
   223 | D:1      | Reached XP level 2. HP: 14/15 MP: 2/8
   332 | D:1      | Reached skill level 5 in Conjurations
   645 | D:1      | Found a sparkling altar of Nemelex Xobeh.
   793 | D:2      | Reached XP level 3. HP: 19/19 MP: 0/9
   949 | D:2      | Learned a level 2 spell: Searing Ray
   953 | D:2      | Learned a level 3 spell: Dazzling Spray
  1469 | D:2      | Reached XP level 4. HP: 24/24 MP: 6/11
  2056 | D:2      | Reached XP level 5. HP: 28/28 MP: 10/13
  2440 | D:3      | Found a faded altar of an unknown god.
  2594 | D:3      | Noticed supermoro's ghost (amateur KoEn)
  3334 | D:3      | Killed supermoro's ghost
  3334 | D:3      | Reached skill level 5 in Spellcasting
  3334 | D:3      | Reached skill level 1 in Hexes
  3334 | D:3      | Reached XP level 6. HP: 32/32 MP: 3/16
  3451 | D:4      | Found a staircase to the Ecumenical Temple.
  3464 | Temple   | Entered the Ecumenical Temple
  3552 | Temple   | Became a worshipper of Vehumet
  3830 | D:4      | Found a runed door.
  3888 | D:4      | Noticed Crazy Yiuf
  3891 | D:4      | Killed Crazy Yiuf
  4196 | D:4      | Reached XP level 7. HP: 15/37 MP: 4/19
  4706 | D:4      | Found a stormy altar of Qazlal.
  5018 | D:4      | Found a bloodstained altar of Trog.
  5050 | D:5      | Entered Level 5 of the Dungeon
  5596 | D:5      | Noticed Grinder
  5821 | D:4      | Reached XP level 8. HP: 40/42 MP: 12/22
  5917 | D:5      | Killed Grinder
  5917 | D:5      | Reached skill level 1 in Fighting
  6051 | D:5      | Reached * piety under Vehumet
  6051 | D:5      | Offered knowledge of Freeze by Vehumet.
  6055 | D:5      | Slain by a gnoll

Skill      XL: |  1  2  3  4  5  6  7  8 |
---------------+-------------------------+-----
Conjurations   | 5 6 7 8 |  8.0
Spellcasting   | 4 5 6 8 |  8.8
Stealth        | 3 4 |  4.1
Hexes          | 1 2 3 |  3.3
Dodging        | 3 |  3.8
Fighting       | 1 |  1.1

Action                   |  1- 3 |  4- 6 |  7- 9 || total
-------------------------+-------+-------+-------++-------
 Cast: Magic Dart        |    83 |    73 |    47 ||   203
       Searing Ray       |     3 |    17 |    17 ||    37
       Dazzling Spray    |       |    22 |    19 ||    41
  Use: Scroll            |     1 |     2 |     2 ||     5
  Eat: Chunk             |     2 |     5 |     6 ||    13
       Ration            |       |     1 |       ||     1
Armor: Robe              |     1 |     1 |     4 ||     6
Dodge: Dodged            |     2 |    32 |    42 ||    76
